 Dungeon Crawl Stone Soup version 0.19.1 (webtiles) character file.

61 Host24 the Bolt Thrower (level 4, -15/30 HPs)
             Began as a Kobold Hunter on Dec 26, 2016.
             Demolished by Sigmund
             ... wielding a +0 scythe
              (16 damage)
             ... on level 2 of the Dungeon.
             The game lasted 00:02:19 (1483 turns).

Host24 the Bolt Thrower (Kobold Hunter)             Turns: 1483, Time: 00:02:20

Health: -15/30     AC:  3    Str: 14    XL:     4   Next: 27%
Magic:  4/4        EV: 15    Int: 12    God:
Gold:   51         SH:  0    Dex: 16    Spells: 0 memorised, 3 levels left

rFire  . . .     SeeInvis .     b - +0 short sword
rCold  . . .     Gourm    .     c - +0 leather armour
rNeg   . . .     Faith    .     (shield restricted)
rPois  .         Spirit   .     (no helmet)
rElec  .         Reflect  .     (no cloak)
rCorr  .         Harm     .     (no gloves)
MR     .....                    (no boots)
Stlth  ++........               (no amulet)
                                (no ring)
                                (no ring)

@: mighty
A: carnivore 3
a: no special abilities


You were on level 2 of the Dungeon.
You were completely stuffed.

You visited 1 branch of the dungeon, and saw 2 of its levels.

You collected 51 gold pieces.

Inventory:

Hand Weapons
 a - a +1 hand crossbow
 b - a +0 short sword (weapon)
Missiles
 d - 20 bolts
 e - 20 arrows
 j - 21 stones (quivered)
Armour
 c - a +0 leather armour (worn)
Scrolls
 g - 2 scrolls of recharging {unknown}
 h - a scroll of remove curse {unknown}
 i - a scroll of amnesia
Comestibles
 f - a meat ration


   Skills:
 - Level 4.3 Fighting
 - Level 4.8 Crossbows
 + Level 3.0 Dodging
 - Level 1.3 Stealth


You had 3 spell levels left.
You didn't know any spells.

Dungeon Overview and Level Annotations

Branches:
Dungeon (2/15)

Altars:

Annotations:
D:2 Robin, Sigmund


Innate Abilities, Weirdness & Mutations

You are small and have problems with some larger weapons.
You are carnivorous and can eat meat at any time.


Message History

The goblin is heavily wounded.
The hobgoblin no longer looks unusually strong.
Robin roars a battlecry!
The hobgoblin goes into a battle-frenzy!
Something hits you.
* * * LOW HITPOINT WARNING * * *
The goblin hits you but does no damage. Robin barely misses you.
It was a potion of magic.
Magic courses through your body. The goblin barely misses you.
Something hits you.
* * * LOW HITPOINT WARNING * * *
Robin completely misses you.
It was a potion of might.
You feel very mighty all of a sudden. The goblin hits you but does no damage.
Robin hits you with a dagger.
* * * LOW HITPOINT WARNING * * *
As you read the scroll labeled BISEUS HUNIHE, it crumbles to dust.
It is a scroll of amnesia.
You feel forgetful for a moment. Something hits you!
Ouch! That really hurt!
You die...

..# #.#.#......########## ..#
#.#.#.###..#......... ..#
#.#.#......#.#....# ###
#.....####.#.#....# # ..#
#.................# ...
..###....####..#.#....####)g!..
................g......g.gg....
..####...####.##g#....###@.g...
............#.##@#....# .####
............#.##g#....# ..
............#.##.#..?## ##
............#.##.#....
..#.#########.##.#...## ......
#(..... ###.#### ### <.......
.#######


You could see Robin, a hobgoblin and a goblin.

Vanquished Creatures
  An adder (D:2)
  An ooze (D:1)
  2 leopard geckos (D:1)
  3 giant cockroaches
  12 goblins
  8 hobgoblins
  5 kobolds
  A quokka (D:2)
  2 bats (D:1)
  A frilled lizard (D:1)
  2 rats
38 creatures vanquished.

Notes
Turn   | Place    | Note
-------+----------+-------------------------------------------
     0 | D:1      | Host24 the Kobold Hunter began the quest for the Orb.
     0 | D:1      | Reached XP level 1. HP: 12/12 MP: 1/1
   453 | D:1      | Reached XP level 2. HP: 10/18 MP: 2/2
   772 | D:1      | Reached XP level 3. HP: 15/23 MP: 3/3
  1411 | D:2      | Reached XP level 4. HP: 30/30 MP: 4/4
  1442 | D:2      | Noticed Robin
  1448 | D:2      | Noticed Sigmund
  1482 | D:2      | HP: 1/30 [Robin/dagger (3)]
  1483 | D:2      | Demolished by Sigmund

Skill      XL: |  1  2  3  4 |
---------------+-------------+-----
Fighting       | 3 4 |  4.3
Dodging        | 3 |  3.0
Crossbows      | |  4.8
Stealth        | |  1.3

Action                   |  1- 3 |  4- 6 || total
-------------------------+-------+-------++-------
Melee: Short sword       |   119 |    29 ||   148
 Fire: Hand crossbow     |     1 |       ||     1
  Use: Potion            |       |     2 ||     2
       Scroll            |       |     1 ||     1
 Stab: Sleeping          |     4 |       ||     4
  Eat: Chunk             |    10 |       ||    10
Armor: Leather armour    |    22 |     3 ||    25
Dodge: Dodged            |    84 |    23 ||   107
